 Dungeon Crawl Stone Soup version 0.30-a0-141-g30f27751c5 (webtiles) character file.

Game seed: 2541803665544343705

512456 Flugkiller the Slayer (level 25, -8/267 HPs)
             Began as a Gargoyle Hunter on Sept 26, 2022.
             Was a Follower of Yredelemnul.
             Mangled by a Hell Sentinel (16 damage)
             ... summoned by a dread lich
             ... on level 5 of the Realm of Zot.
             The game lasted 01:09:01 (42434 turns).

Flugkiller the Slayer (Gargoyle Hunter)            Turns: 42434, Time: 01:09:01

Health: -8/267     AC: 72    Str: 20    XL:     25   Next: 12%
Magic:  34/34      EV: 14    Int: 13    God:    Yredelemnul [*.....]
Gold:   4722       SH:  0    Dex: 15    Spells: 24/24 levels left

rFire   + . .      SeeInvis +    J - +7 great mace "Zoamma" {freeze, Will+}
rCold   + + .      Faith    .    (shield currently unavailable)
rNeg    + . .      Spirit   .    Q - +15 Maxwell's patent armour {-Cast -Tele rElec Will+ rCorr}
rPois   ∞          Reflect  .    L - +2 helmet {SInv}
rElec   +          Harm     .    V - +2 cloak {Will+}
rCorr   +          Rampage  .    r - +2 pair of gloves
Will    +++++      Rage     3%   u - +4 pair of boots "Masaes" {rPois Will+}
Stlth   .......... NoTele   +    y - amulet of regeneration
HPRegen 1.34/turn  NoCast   +    c - ring of protection from cold
MPRegen 0.24/turn                p - ring of protection from fire

@: mighty, berserking (expiring), resistant, flying, hasted (expiring), unable
to read, very quick
A: sickness immunity, AC +19, big wings, negative energy resistance 1,
electricity resistance, torment resistance 1, petrification resistance, berserk
1, dopey 1, low MP 1, heat vulnerability 1, subdued magic 1, inability to read
after injury 1
}: 3/15 runes: decaying, silver, gossamer
a: Renounce Religion, Recall Undead Harvest


You were on level 5 of the Realm of Zot.
You worshipped Yredelemnul.
Yredelemnul was greatly pleased with you.
You visited 9 branches of the dungeon, and saw 45 of its levels.

You collected 7806 gold pieces.
You spent 3084 gold pieces at shops.

Inventory:

Hand Weapons
 J - the +7 great mace "Zoamma" (weapon) {freeze, Will+}
   (You bought it in a shop on level 3 of the Dungeon)

   It freezes those it strikes, dealing additional cold damage.
   It can also slow down cold-blooded creatures.
   Will:      It increases your willpower.
Missiles
 C - 3 throwing nets
Armour
 r - a +2 pair of gloves (worn)
   (You found it on level 7 of the Dungeon)
 u - the +4 pair of boots "Masaes" (worn) {rPois Will+}
   (You acquired it on level 4 of the Dungeon)

   rPois:     It protects you from poison.
   Will:      It increases your willpower.
 L - a +2 helmet of see invisible (worn)
   (You found it on level 3 of the Realm of Zot)
 Q - the +15 Maxwell's patent armour (worn) {-Cast -Tele rElec Will+ rCorr}
   (You acquired it on level 11 of the Dungeon)

   rElec:     It insulates you from electricity.
   -Cast:     It prevents spellcasting.
   -Tele:     It prevents most forms of teleportation.
   rCorr:     It protects you from acid and corrosion.
   Will:      It increases your willpower.
 T - the +3 crystal plate armour of Exuofa {rCorr Dex+4 SInv}
   (You acquired it on level 5 of the Realm of Zot)

   Dex:       It affects your dexterity (+4).
   SInv:      It lets you see invisible.
   rCorr:     It protects you from acid and corrosion.
 V - a +2 cloak of willpower (worn)
   (You found it on level 1 of the Orcish Mines)
Jewellery
 c - a ring of protection from cold (left hand)
   (You found it on level 5 of the Vaults)
 i - a ring of see invisible
   (You found it on level 4 of the Lair of Beasts)
 j - a +4 ring of slaying
   (You found it on level 1 of the Dungeon)
 m - a ring of willpower
   (You found it on level 14 of the Dungeon)
 p - a ring of protection from fire (right hand)
   (You found it on level 1 of the Spider Nest)
 v - a +4 ring of protection
   (You found it on level 2 of the Vaults)
 y - an amulet of regeneration (around neck)
   (You found it on level 2 of the Lair of Beasts)
 A - a +4 ring of slaying
   (You took it off an orc on level 5 of the Dungeon)
 D - the ring of Skepticism {Fire Will- rCorr Int+4 Slay+4}
   (You found it on level 4 of the Lair of Beasts)

   [ring of fire]

   It enhances your fire magic.
   Int:       It affects your intelligence (+4).
   Slay:      It affects your accuracy & damage with ranged weapons and melee
   (+4).
   rF:        It protects you from fire.
   rC:        It makes you vulnerable to cold.
   rCorr:     It protects you from acid and corrosion.
   Will:      It decreases your willpower.
Wands
 k - a wand of digging (8)
   (You found it on level 3 of the Swamp)
 x - a wand of light (18)
   (You took it off Sonja on level 12 of the Dungeon)
 M - a wand of roots (18)
   (You found it on level 9 of the Dungeon)
 W - a wand of paralysis (5)
   (You found it on level 3 of the Spider Nest)
 X - a wand of mindburst (30)
   (You found it on level 9 of the Dungeon)
Scrolls
 a - 8 scrolls of fog
 b - 7 scrolls of immolation
 l - 7 scrolls of silence
 t - 23 scrolls of teleportation
 z - 5 scrolls of blinking
 B - 10 scrolls of fear
 G - 11 scrolls of vulnerability
 H - 3 scrolls of enchant armour
 I - 9 scrolls of poison
 K - 3 scrolls of summoning
Potions
 e - 9 potions of ambrosia
 f - 6 potions of attraction
 h - 10 potions of haste
 o - 3 potions of berserk rage
 q - 29 potions of curing
 w - a potion of heal wounds
 N - 9 potions of invisibility
 O - 11 potions of mutation
 P - 3 potions of cancellation
 U - 8 potions of magic
Miscellaneous
 g - a condenser vane
   (You found it on level 2 of the Lair of Beasts)
 s - a phantom mirror
   (You found it on level 3 of the Lair of Beasts)
 R - a lightning rod (4/4)
   (You found it on level 3 of the Depths)
 S - a tin of tremorstones (2/2)
   (You found it on level 1 of the Orcish Mines)
 Y - a phial of floods
   (You found it on level 2 of the Vaults)
 Z - a box of beasts
   (You found it on level 2 of the Vaults)


   Skills:
 + Level 24.0 Fighting
 - Level 20.0 Maces & Flails
 - Level 5.0 Ranged Weapons
 - Level 22.0 Armour
 - Level 16.0 Dodging
 - Level 1.1 Stealth
 - Level 22.0 Invocations
 - Level 11.0 Evocations


You had 24 spell levels left.
You didn't know any spells.
Your spell library contained the following spells:

 Spells                   Type           Power      Damage    Failure   Level
 Apportation              Tloc           0%         N/A       87%         1
 Freeze                   Ice            0%         1d3       87%         1
 Magic Dart               Conj           0%         1d3       87%         1
 Sandblast                Erth           0%         2d4       87%         1
 Shock                    Conj/Air       0%         1d3       87%         1
 Slow                     Hex            0%         N/A       87%         1
 Summon Small Mammal      Summ           0%         N/A       87%         1
 Blink                    Tloc           0%         N/A       95%         2
 Call Imp                 Summ           0%         N/A       95%         2
 Passwall                 Tmut/Erth      0%         N/A       95%         2
 Poisonous Vapours        Pois/Air       0%         N/A       95%         2
 Scorch                   Fire           0%         2d5       95%         2
 Static Discharge         Conj/Air       0%         2-2/arc   95%         2
 Call Canine Familiar     Summ           0%         N/A       99%         3
 Dazzling Flash           Conj/Hex       0%         N/A       99%         3
 Frozen Ramparts          Ice            0%         1d1       99%         3
 Gell's Gravitas          Tloc           0%         N/A       99%         3
 Inner Flame              Hex/Fire       0%         N/A       99%         3
 Kindle Blastsparks       Fire/Tloc/Air  0%         2d10      99%         3
 Lesser Beckoning         Tloc           0%         N/A       99%         3
 Mephitic Cloud           Conj/Pois/Air  0%         N/A       99%         3
 Portal Projectile        Hex/Tloc       0%         N/A       99%         3
 Stone Arrow              Conj/Erth      0%         3d7       99%         3
 Summon Guardian Golem    Hex/Summ       0%         N/A       99%         3
 Swiftness                Air            0%         N/A       99%         3
 Teleport Other           Tloc           0%         N/A       99%         3
 Airstrike                Air            0%         2d(0-16)  100%        4
 Cause Fear               Hex            0%         N/A       100%        4
 Flame Wave               Conj/Fire      0%         2d4       100%        4
 Fulminant Prism          Conj/Hex       0%         3d6       100%        4
 Hailstorm                Conj/Ice       0%         3d3       100%        4
 Ice Form                 Ice/Tmut       0%         N/A       100%        4
 Iskenderun's Mystic Bla  Conj/Tloc      0%         2d3       100%        4
 Leda's Liquefaction      Hex/Erth       0%         N/A       100%        4
 Manifold Assault         Tloc           0%         N/A       100%        4
 Olgreb's Toxic Radiance  Pois           0%         N/A       100%        4
 Petrify                  Tmut/Erth      0%         N/A       100%        4
 Sticky Flame             Conj/Fire      0%         2d3       100%        4
 Alistair's Intoxication  Tmut/Pois      0%         N/A       100%        5
 Arcjolt                  Conj/Air       0%         1d10      100%        5
 Borgnjor's Vile Clutch   Necr/Erth      0%         N/A       100%        5
 Fireball                 Conj/Fire      0%         3d3       100%        5
 Iskenderun's Battlesphe  Conj           0%         2d6       100%        5
 Lee's Rapid Deconstruct  Erth           0%         3d5*      100%        5
 Lightning Bolt           Conj/Air       0%         1d11      100%        5
 Metabolic Englaciation   Hex/Ice        0%         N/A       100%        5
 Summon Forest            Summ/Tloc      0%         N/A       100%        5
 Summon Mana Viper        Hex/Summ       0%         N/A       100%        5
 Conjure Ball Lightning   Conj/Air       0%         3x3d6     100%        6
 Dispersal                Tloc           0%         N/A       100%        6
 Eringya's Noxious Bog    Tmut/Pois      0%         N/A       100%        6
 Starburst                Conj/Fire      0%         6d3       100%        6
 Summon Cactus Giant      Summ           0%         N/A       100%        6
 Dragon Form              Tmut           0%         N/A       100%        7
 Orb of Destruction       Conj           0%         9d5       100%        7
 Ozocubu's Refrigeration  Ice            0%         4d7       100%        7
 Discord                  Hex            0%         N/A       100%        8
 Ignition                 Fire           0%         3d3       100%        8
 Maxwell's Capacitive Co  Air            0%         ∞         100%        8
 Chain Lightning          Conj/Air       0%         N/A       100%        9
 Dragon's Call            Summ           0%         N/A       100%        9
 Fire Storm               Conj/Fire      0%         5d1       100%        9
 Shatter                  Erth           0%         3d5*      100%        9
 Cigotuvi's Dreadful Rot  Necr/Pois/Air  Unusable   N/A       N/A         2
 Simulacrum               Ice/Necr       Unusable   N/A       N/A         6
 Statue Form              Tmut/Erth      Unusable   N/A       N/A         6

Dungeon Overview and Level Annotations

Branches:
Dungeon (15/15) Zot: 25160  Temple (1/1) D:5 Zot: 5778    Lair (5/5) D:11 Zot: 25100
  Swamp (4/4) Lair:2 Zot: 21610  Spider (4/4) Lair:2 Zot: 19963   Slime (0/5) Lair:5
    Orc (2/2) D:10 Zot: 10131     Elf (0/3) Orc:2        Vaults (5/5) D:14 Zot: 23737
  Crypt (0/3) Vaults:3     Depths (4/4) D:15 Zot: 19783     Zot (5/5) Depths:4 Zot: 26129

Altars:
Ashenzari
Cheibriados
Dithmenos
Elyvilon
Fedhas
Gozag
Hepliaklqana
Kikubaaqudgha
Makhleb
Nemelex Xobeh
Okawaru
Qazlal
Ru
Sif Muna
Trog
Uskayaw
Vehumet
Wu Jian
Xom
Yredelemnul
Zin
The Shining One
Jiyva
Lugonu

Shops:
D:3 (   D:6 ?   D:14 :   D:15 (*(*   Orc:1 :   Orc:2 =*([   Vaults:1 =
Vaults:4 (   Vaults:5 (

Portals:
Hell: Depths:1 Depths:2 Depths:3 Depths:4
Abyss: Depths:1 Depths:3
Pandemonium: Depths:1 Depths:2 Depths:4
Ziggurat: Depths:3
Trove: Vaults:2 (give 8 potions of haste)

Annotations:
D:4 exclusion: ogre
Lair:1 exclusion: oklob plant
Lair:5 1 runed translucent door, p0werm0de's ghost, journeyman PaIE
Orc:1 3 runed translucent doors, QuickerDeath's ghost, journeyman DgEE
Orc:2 3 runed translucent doors, Cigotein's ghost, journeyman DjIE; sausages's ghost, journeyman FoFi
Vaults:3 2 transporters, Ywkaiffarghe's ghost, adept MeCj
Depths:1 2 transporters, Unolod's ghost, adept MiBe
Zot:1 1 transporter, 3 runed translucent doors, Naipag's ghost, legendary DrCj
Zot:5 1 exclusion


Innate Abilities, Weirdness & Mutations

You are immune to sickness and miasma.
Your stone body is resilient. (AC +19)
You are immune to poison.
Your large and strong wings let you fly.
You resist negative energy. (rN+)
You are resistant to electric shocks. (rElec)
You are resistant to unholy torment.
You are immune to petrification.
You sometimes lose your temper in combat.
You are dopey. (Int -2)
Your magical capacity is low. (-10% MP)
You are vulnerable to heat. (rF-)
Your spells are a little easier to cast, but a little less powerful.
You occasionally lose the ability to read scrolls when taking damage.


Message History

You sock the orb of fire! You freeze the orb of fire.
The orb of fire is almost destroyed.
You closely miss the orb of fire.
The orb of fire is almost destroyed.
The Orb Guardian misses you.
You hit the orb of fire but do no damage.
The orb of fire is almost destroyed.
The orb of fire glows red.
Strange energies course through your body.
You feel a little pissed off. The Orb Guardian closely misses you.
The Orb Guardian misses you.
You closely miss the orb of fire.
The orb of fire is almost destroyed.
You hit the orb of fire.
The orb of fire is almost destroyed.
The Orb Guardian misses you.
The Orb Guardian hits you but does no damage.
A red film seems to cover your vision as you go berserk!
You feel yourself moving faster!
You feel mighty!
You closely miss the orb of fire.
The orb of fire is almost destroyed.
The orb of fire glows bright magenta.
Strange energies course through your body.
You feel stupid. The Orb Guardian barely misses you. The Orb Guardian hits you.
* * * LOW HITPOINT WARNING * * *
You barely miss the orb of fire.
The orb of fire is almost destroyed.
You barely miss the orb of fire.
The orb of fire is almost destroyed.
You are no longer corroded.
The Orb Guardian hits you but does no damage. x2
The orb of fire emits a lurid red light.
Strange energies course through your body.
You feel frail.
You sock the orb of fire!
The orb of fire is almost destroyed.
The Orb Guardian hits you but does no damage. x2
You barely miss the orb of fire.
The orb of fire is almost destroyed.
You thump the orb of fire!
You destroy the orb of fire!
The Orb Guardian hits you but does no damage.
The Orb Guardian hits you!!
* * * LOW HITPOINT WARNING * * *
You hit the Orb Guardian. You freeze the Orb Guardian.
The Orb Guardian is lightly wounded.
The Orb Guardian completely misses you.
The Orb Guardian hits you but does no damage.
You beat the Orb Guardian like a drum!!!
You freeze the Orb Guardian!
The Orb Guardian is severely wounded.
You bludgeon the Orb Guardian!! You freeze the Orb Guardian.
The Orb Guardian is almost dead.
The Orb Guardian hits you!
* * * LOW HITPOINT WARNING * * *
The Orb Guardian hits you.
* * * LOW HITPOINT WARNING * * *
You bludgeon the Orb Guardian!! You freeze the Orb Guardian.
You kill the Orb Guardian!
You bludgeon the Orb Guardian!! You freeze the Orb Guardian.
The Orb Guardian is moderately wounded.
Your extra speed is starting to run out.
The Orb Guardian hits you but does no damage.
You flatten the Orb Guardian like a pancake!!!
You freeze the Orb Guardian.
The Orb Guardian is almost dead.
You bludgeon the Orb Guardian!! You freeze the Orb Guardian.
You kill the Orb Guardian!
The dead are walking!
Training target 24.0 for Fighting reached!
Your Fighting skill increases to level 24!
You need to enable at least one skill for training.
You sock the Hell Sentinel!
The Hell Sentinel is lightly wounded.
You hit the Hell Sentinel but do no damage.
The Hell Sentinel is lightly wounded.
The Hell Sentinel misses you.
The Hell Sentinel hits you but does no damage.
You sock the Hell Sentinel!
The Hell Sentinel is moderately wounded.
The yellow draconian hits you but does no damage.
You thump the Hell Sentinel!
The Hell Sentinel is moderately wounded.
Your Orb Guardian zombie closely misses the yellow draconian.
The Hell Sentinel gestures at you.
The sphere of damnation explodes!
The damnation engulfs you!!!
* * * LOW HITPOINT WARNING * * *
The damnation engulfs the Hell Sentinel.
The Hell Sentinel completely resists.
Unknown command.
You hit the Hell Sentinel but do no damage.
The Hell Sentinel is moderately wounded.
The yellow draconian hits you but does no damage.
You bludgeon the Hell Sentinel!!
The Hell Sentinel is heavily wounded.
Your Orb Guardian zombie hits the yellow draconian.
The Hell Sentinel hits you!
You die...
Your body rises from the dead as a mindless zombie.

####.............................
#.......................[........
#..............................⌠.
#................................
#........#######...##...#####....
#...#....# #...###### #####
#...#....# #.⌠.# #...###### #...#
#....# #@..#
.....###########1..##############
................dZ.............).
.................................
######▓▓▓▓########)########▓▓▓▓##
,,,,,** #...............# ##.
,,,,,,** *#.............## ##..
,,,,,,,** #...........=.# ##...
,,,,,,^,* ##...........## #....


You could see a Hell Sentinel (summoned), a yellow draconian (ally target) and a
friendly Orb Guardian zombie.

Vanquished Creatures
  2 dread liches
  2 orbs of fire (Zot:5)
  Saint Roka (Depths:1)
  Margery (Vaults:3)
  Bai Suzhen (Vaults:4)
  2 curse toes (Zot:4)
  13 golden dragons
  Nikola (Swamp:1)
  Arachne (Spider:2)
  9 tentacled monstrosities
  3 titans
  6 Orb Guardians (Zot:5)
  An acid blob (Zot:3)
  7 quicksilver dragons
  3 sphinxes
  3 death cobs
  Agnes (D:15)
  5 storm dragons
  8 shadow dragons
  6 fire giants
  2 fenstrider witches (Swamp:2)
  7 draconian knights
  6 tengu reavers
  A balrug (Zot:3)
  6 frost giants
  4 ghost moths
  An emperor scorpion (shapeshifter) (Zot:3)
  A draconian scorcher (Zot:5)
  An orc warlord (Vaults:3)
  3 deep elf sorcerers (Vaults:5)
  Aizul (Swamp:3)
  8 vault wardens
  2 emperor scorpions (Spider:4)
  3 draconian annihilators
  4 broodmothers (Spider:4)
  A spriggan defender (Depths:4)
  3 draconian stormcallers
  2 war gargoyles (Vaults:5)
  11 ironbound preservers
  4 very ugly things
  8 stone giants
  8 ironbound thunderhulks
  Nessos (D:15)
  2 vampire knights
  2 eleionomae
  A green draconian (shapeshifter) (Zot:3)
  A deep elf demonologist (Vaults:1)
  4 green draconians
  5 red draconians (Zot:4)
  5 purple draconians
  A minotaur (shapeshifter) (Zot:3)
  6 spark wasps
  5 white draconians
  The ghost of rigao the Basher, a journeyman MiAE of Ru (Lair:2)
  2 black draconians
  The ghost of Atont the Cleaver, a journeyman DDFi of Okawaru (Lair:4)
  4 yellow draconians
  3 deep elf annihilators
  Josephine (D:10)
  7 ettins
  3 crystal guardians
  8 yaktaur captains
  5 rakshasas
  5 entropy weavers
  3 great orbs of eyes
  9 fire dragons
  6 deep elf high priests (Vaults:5)
  2 peacekeepers (Vaults:4)
  14 hydras
  An ogre mage (Vaults:5)
  2 radroaches
  22 vault guards
  2 catoblepae
  2 spriggan air magi
  The ghost of neuroaktivo the Destroyer, a journeyman DECj of Vehumet (Lair:2)
  3 ice dragons
  13 centaur warriors
  8 ironbound frosthearts
  A boulder beetle (shapeshifter) (Zot:3)
  8 boulder beetles
  4 alligators
  9 two-headed ogres
  An anaconda (shapeshifter) (Vaults:5)
  5 tengu warriors
  5 deep troll shamans
  6 deep troll earth magi
  3 orc high priests
  A shadow wraith (Vaults:5)
  5 hell knights
  2 sun demons (Depths:4)
  8 iron trolls
  2 sun moths
  Sonja (D:12)
  A salamander mystic (Depths:3)
  4 goliath frogs
  8 steelbarb worms
  5 pharaoh ants
  A spriggan rider (Lair:5)
  2 skeletal warriors (D:15)
  4 orb spiders
  35 deep trolls
  6 phantasmal warriors
  A steelbarb worm (shapeshifter) (Vaults:5)
  7 swamp dragons
  10 ironbound convokers
  2 bog bodies (Swamp:2)
  5 wizards
  17 orc knights
  9 lindwurms
  2 deep elf pyromancers
  5 necromancers
  Pikel (D:4)
  A fire giant zombie (D:15)
  6 harpies
  2 orc sorcerers
  4 cyclopes
  2 will-o-the-wisps
  9 wolf spiders
  2 manticores
  29 ugly things
  11 moths of wrath
  An elephant (shapeshifter) (Vaults:5)
  14 elephants
  4 guardian serpents (Zot:3)
  A torpor snail (shapeshifter) (Vaults:5)
  A black mamba (shapeshifter) (D:15)
  2 frost giant skeletons
  A rust devil (Depths:4)
  A human skeleton (Vaults:1)
  An apocalypse crab (Zot:3)
  A black mamba (Lair:2)
  An orange demon (Depths:4)
  3 unseen horrors
  4 torpor snails
  15 vault sentinels
  2 gargoyles
  5 freezing wraiths
  3 rime drakes
  9 cane toads
  5 demonic crawlers
  19 yaktaurs
  A kobold demonologist (D:11)
  A tengu conjurer (Depths:4)
  4 harpy zombies (Zot:3)
  An ice devil (Depths:2)
  6 komodo dragons
  6 human zombies (Vaults:5)
  10 hornets
  14 trolls
  6 polar bears
  2 tyrant leeches (Swamp:1)
  3 meliai (Spider:3)
  16 tarantellas
  Grinder (D:6)
  A blink frog (shapeshifter) (D:14)
  A tarantella zombie (Spider:3)
  15 slime creatures
  2 raiju (Zot:3)
  11 blink frogs
  8 dream sheep (Lair:5)
  A jumping spider (shapeshifter) (Vaults:4)
  22 jumping spiders
  The ghost of Xoff the Digger, an amateur GrEE (D:3)
  15 spriggans
  4 wraiths
  3 shadows
  21 yaks
  3 water elementals
  13 culicivoras
  4 vampires
  2 wyverns
  An elf zombie (Vaults:5)
  2 spriggan skeletons (D:15)
  15 humans (D:14)
  A neqoxec (Depths:4)
  A basilisk (shapeshifter) (D:14)
  2 basilisks
  41 redbacks
  6 wargs
  A steam dragon (D:7)
  10 vampire mosquitoes
  2 acid dragons (D:10)
  8 swamp worms
  Edmund (D:5)
  The ghost of qtw55 the Digger, an amateur GrEE (D:3)
  A glowing shapeshifter skeleton (Vaults:1)
  8 water moccasins
  5 ice beasts
  58 orc warriors
  2 black bears (Lair:5)
  A sky beast (D:7)
  3 swamp drakes
  22 wolves
  12 ogres
  6 boggarts
  The ghost of jt the Trooper, an amateur PaHs of Sif Muna (D:3)
  An orc zombie (Vaults:1)
  The ghost of btonasse the Slasher, an amateur DjCA of Ignis (D:3)
  A great orb of eyes simulacrum (Vaults:1)
  The ghost of ouechouech the Caller, an amateur MfSu (D:3)
  16 centaurs
  3 lemures (D:4)
  4 kobold brigands
  10 bullfrogs
  2 gnoll sergeants
  2 necrophages
  4 scorpions
  An earth elemental (Swamp:4)
  5 wights
  3 killer bees (D:8)
  3 howler monkeys
  2 electric eels (Spider:2)
  20 orc priests
  4 hounds
  A jelly (D:5)
  A gnoll bouda (Lair:2)
  6 iguanas
  14 orc wizards
  8 gnolls
  5 adders
  A shadow imp (D:7)
  A white imp (D:6)
  3 ufetubi
  2 worms (D:3)
  3 dart slugs (D:1)
  64 orcs
  8 ball pythons
  5 bats
  A bat zombie (D:6)
  10 endoplasms
  6 giant cockroaches
  5 goblins
  5 hobgoblins
  9 jackals
  5 quokkas
  A frilled lizard (D:1)
  19 kobolds
  6 rats
1350 creatures vanquished.

Vanquished Creatures (collateral kills)
  An orb of fire (Zot:3)
  An ancient lich (Zot:5)
  A Killer Klown (Zot:4)
  the Lernaean hydra (Swamp:4)
  2 caustic shrikes
  4 golden dragons
  An electric golem (Zot:3)
  3 tentacled monstrosities
  Zenata (Vaults:2)
  3 Orb Guardians (Zot:5)
  Rupert (D:15)
  3 liches
  2 quicksilver dragons
  A walking divine tome (Depths:3)
  2 titans (Vaults:5)
  3 sphinxes
  2 death cobs (Zot:4)
  2 storm dragons
  Frances (Swamp:2)
  3 tengu reavers
  2 thorn hunters (Swamp:4)
  A shadow dragon (Zot:5)
  A draconian knight (Zot:2)
  3 fire giants
  2 frost giants
  7 vault wardens
  2 iron dragons (Depths:3)
  7 ironbound preservers
  3 draconian stormcallers
  7 stone giants
  3 broodmothers (Spider:4)
  A broodmother (shapeshifter) (Zot:3)
  3 ironbound thunderhulks
  A spriggan defender (Depths:4)
  2 very ugly things
  5 green draconians
  3 eleionomae
  2 black draconians (Zot:2)
  2 red draconians
  A spark wasp (Depths:4)
  2 white draconians
  5 yellow draconians
  A deep elf annihilator (Zot:3)
  A bunyip (Swamp:3)
  A purple draconian (Zot:2)
  A deep elf death mage (Zot:3)
  3 fire dragons
  4 yaktaur captains
  2 merfolk javelineers (Depths:2)
  A blizzard demon (Depths:4)
  A deep elf high priest (Vaults:5)
  A merfolk impaler (Depths:3)
  3 ettins
  Fannar (Lair:1)
  A rakshasa (Depths:3)
  2 shambling mangroves
  2 ice dragons
  8 hydras
  A spriggan air mage (Depths:1)
  A ghost crab (Swamp:3)
  A jorogumo (Spider:3)
  10 vault guards
  2 ogre magi (Vaults:1)
  5 two-headed ogres
  A boulder beetle (D:11)
  A radroach (Spider:4)
  An ironbound frostheart (Vaults:1)
  A deep troll shaman (Vaults:5)
  A vampire mage (Depths:2)
  2 tengu warriors (Depths:1)
  2 death scarabs
  An alligator (Swamp:4)
  2 deep troll earth magi (Depths:2)
  2 hell knights (Depths:2)
  A pharaoh ant (Spider:4)
  An iron troll (Depths:4)
  2 spriggan riders
  2 flayed ghosts (Depths:3)
  2 goliath frogs
  5 orb spiders
  2 glowing orange brains
  8 swamp dragons (Swamp:4)
  A bog body (Swamp:1)
  14 deep trolls
  2 lindwurms
  3 wizards
  2 phantasmal warriors (Depths:4)
  5 ironbound convokers
  3 harpies (Vaults:1)
  3 necromancers (Vaults:3)
  6 wolf spiders
  6 ugly things
  A manticore (D:12)
  3 salamanders (Depths:3)
  4 vault sentinels
  12 moths of wrath
  A rust devil (Depths:4)
  2 black mambas
  A guardian serpent (Zot:3)
  4 torpor snails
  3 elephants
  A cane toad (Lair:2)
  A demonic crawler (Spider:1)
  2 komodo dragons
  A rime drake (Lair:5)
  11 yaktaurs
  A troll (shapeshifter) (Vaults:5)
  A bloated husk (Swamp:4)
  A polar bear (Lair:5)
  3 trolls
  3 hornets
  5 blink frogs
  5 tarantellas
  A slime creature (Vaults:4)
  3 tyrant leeches
  A human skeleton (Vaults:5)
  3 dream sheep (Lair:5)
  2 raiju (Zot:3)
  11 culicivoras
  A spriggan (Lair:5)
  18 jumping spiders
  A water elemental (Depths:2)
  3 humans (D:14)
  6 yaks
  13 redbacks
  2 chaos spawn (Depths:4)
  6 swamp worms
  An acid dragon (D:11)
  2 water moccasins
  4 swamp drakes (Swamp:4)
  A black bear (Lair:5)
  4 orc warriors
  A centaur (D:6)
  A boggart (Vaults:1)
  2 ogres
  5 wolves
  4 bullfrogs
  2 earth elementals (Swamp:4)
  An electric eel (Lair:3)
  An orc priest (Orc:2)
  3 orc wizards
  2 gnolls (D:11)
  23 orcs
  5 kobolds
  A butterfly (Zot:3)
438 creatures vanquished.

Vanquished Creatures (others)
  2 tentacled monstrosities (Vaults:5)
  A quicksilver dragon (Zot:2)
  A shadow dragon (Depths:4)
  A draconian knight (Zot:2)
  A frost giant (Vaults:5)
  An iron dragon (Depths:3)
  5 spectral tentacled monstrosities
  An ironbound preserver (Vaults:5)
  A stone giant (Depths:1)
  A spectral golden dragon (Zot:4)
  A yellow draconian (Depths:4)
  A deep elf annihilator (Vaults:5)
  A bunyip (Swamp:4)
  An ettin (Vaults:5)
  4 quicksilver dragon zombies
  2 vault guards (Vaults:5)
  2 Orb Guardian zombies (Zot:5)
  A hell knight (Depths:2)
  A titan zombie (Depths:2)
  A sun demon (Depths:4)
  2 emperor scorpion zombies
  A spark wasp zombie (Depths:4)
  A spriggan rider (Swamp:1)
  2 golden dragon zombies
  A glowing orange brain (Depths:1)
  A shadow dragon zombie (Zot:5)
  A broodmother zombie (Spider:4)
  A goliath frog zombie (Swamp:2)
  2 necromancers (Depths:2)
  An ugly thing zombie (Zot:3)
  2 sphinx zombies (Vaults:4)
  A frost giant zombie (Vaults:4)
  A draconian zombie (Zot:2)
  2 wolf spider zombies (Spider:4)
  A stone giant zombie (Depths:1)
  A yellow draconian zombie (Zot:5)
  3 spectral rakshasas
  A steelbarb worm zombie (Vaults:5)
  3 elf zombies
  2 white draconian zombies
  A black draconian zombie (Zot:2)
  3 red draconian zombies (Zot:4)
  2 unseen horror zombies
  3 swamp worm zombies
  An orb spider zombie (Spider:4)
  2 spectral glowing orange brains
  7 redback zombies
  8 bloated husks
  A harpy zombie (Zot:3)
  A demonic crawler zombie (Spider:1)
  A hydra zombie (Swamp:4)
  2 meliai zombies (Spider:3)
  5 moth of wrath zombies
  2 culicivora zombies (Spider:1)
  An ice dragon zombie (Depths:4)
  3 tarantella zombies
  3 jumping spider zombies (Spider:4)
  A culicivora (Spider:4)
  A black mamba zombie (D:15)
  3 two-headed ogre zombies
  2 tengu zombies
  A cane toad zombie (Lair:5)
  An entropy weaver zombie (Vaults:4)
  6 deep troll zombies
  A dream sheep zombie (Lair:5)
  2 elephant zombies
  6 hornet zombies
  A blink frog zombie (Lair:1)
  2 swamp drakes
  5 swamp dragon zombies (Swamp:4)
  3 vampire mosquito zombies (Swamp:1)
  A komodo dragon zombie (Lair:2)
  5 yaktaur zombies
  A water moccasin zombie (Lair:5)
  5 spriggan zombies
  A warg zombie (Orc:1)
  3 yak zombies
  A troll zombie (Depths:1)
  5 wolf zombies
  5 centaur zombies
  4 bullfrog zombies
  A basilisk zombie (Lair:5)
  An orc priest (Depths:1)
  31 human zombies
  3 ogre zombies
  A hound zombie (D:11)
  A howler monkey zombie (D:10)
  16 orc zombies
  5 swamp drake zombies (Swamp:4)
  An orc (Depths:1)
  3 kobold zombies
  7 briar patches (Swamp:4)
  2 foxfires (Swamp:4)
  29 fungi
  45 plants
  9 withered plants (D:15)
327 creatures vanquished.

Grand Total: 2115 creatures vanquished

Notes
Turn   | Place    | Note
-------+----------+-------------------------------------------
     0 | D:1      | Flugkiller the Gargoyle Hunter began the quest for the Orb.
     0 | D:1      | Reached XP level 1. HP: 12/12 MP: 1/1
   102 | D:1      | Reached XP level 2. HP: 8/18 MP: 2/2
   377 | D:1      | Reached skill level 3 in Fighting
   384 | D:1      | Reached XP level 3. HP: 18/23 MP: 3/3
   958 | D:2      | Reached XP level 4. HP: 29/29 MP: 4/4
  1544 | D:3      | Reached skill level 4 in Fighting
  1544 | D:3      | Reached skill level 5 in Ranged Weapons
  1569 | D:3      | Found Ysaskikh's Weapon Emporium.
  1992 | D:3      | Reached XP level 5. HP: 34/34 MP: 5/5
  2213 | D:3      | Found a runed translucent gate.
  2213 | D:3      | Found a runed translucent gate.
  2214 | D:3      | Found a runed translucent gate.
  2214 | D:3      | Noticed ouechouech's ghost (amateur MfSu)
  2214 | D:3      | Noticed btonasse's ghost (amateur DjCA)
  2214 | D:3      | Found the +18 Lear's hauberk
  2215 | D:3      | Noticed Xoff's ghost (amateur GrEE)
  2216 | D:3      | Noticed qtw55's ghost (amateur GrEE)
  2216 | D:3      | Noticed jt's ghost (amateur PaHs)
  2350 | D:4      | Found a shimmering altar of Xom.
  2411 | D:4      | Noticed an ogre
  2772 | D:4      | Noticed a lemure
  2791 | D:4      | Noticed a lemure
  2792 | D:4      | Noticed a lemure
  2812 | D:4      | Killed a lemure
  2822 | D:4      | Killed a lemure
  3132 | D:4      | Noticed a lemure
  3145 | D:4      | Noticed Pikel
  3150 | D:4      | Killed a lemure
  3152 | D:4      | Identified 2 scrolls of acquirement
  3152 | D:4      | Acquired the +4 pair of boots "Masaes" {rPois Will+}
  3229 | D:4      | Killed Pikel
  3230 | D:4      | Reached skill level 7 in Fighting
  3230 | D:4      | Reached XP level 6. HP: 25/44 MP: 6/6
  3230 | D:4      | Reached XP level 7. HP: 27/48 MP: 7/7
  3623 | D:3      | Killed btonasse's ghost
  3624 | D:3      | Reached skill level 8 in Fighting
  3769 | D:3      | Killed ouechouech's ghost
  3778 | D:3      | Killed jt's ghost
  3779 | D:3      | Reached skill level 9 in Fighting
  3866 | D:3      | Killed Xoff's ghost
  3867 | D:3      | Reached XP level 8. HP: 44/56 MP: 8/8
  4030 | D:3      | Killed qtw55's ghost
  4031 | D:3      | Reached skill level 10 in Fighting
  4230 | D:5      | Entered Level 5 of the Dungeon
  4230 | D:5      | Found a broken altar of Ashenzari.
  4320 | D:5      | Reached skill level 1 in Armour
  4330 | D:5      | Noticed a troll
  4381 | D:4      | Killed a troll
  4662 | D:5      | Reached XP level 9. HP: 50/62 MP: 9/9
  4748 | D:5      | Noticed Edmund
  4755 | D:5      | Killed Edmund
  4756 | D:5      | Reached skill level 5 in Maces & Flails
  5286 | D:5      | Found a staircase to the Ecumenical Temple.
  5323 | Temple   | Entered the Ecumenical Temple
  5527 | Temple   | Became a worshipper of Yredelemnul the Dark
  5665 | D:6      | Reached * piety under Yredelemnul
  5669 | D:6      | Reached skill level 5 in Armour
  5694 | D:6      | Found a radiant altar of Vehumet.
  5695 | D:6      | Found a snail-covered altar of Cheibriados.
  5741 | D:6      | Reached ** piety under Yredelemnul
  5745 | D:6      | Found a sacrificial altar of Ru.
  5810 | D:6      | Found an ancient bone altar of Kikubaaqudgha.
  5878 | D:6      | Found Xoonekod's Magic Scroll Emporium.
  5886 | D:6      | Reached *** piety under Yredelemnul
  5919 | D:6      | Noticed Grinder
  5929 | D:6      | Killed Grinder
  5951 | D:6      | Reached XP level 10. HP: 65/68 MP: 10/10
  5993 | D:6      | Reached **** piety under Yredelemnul
  6202 | D:6      | Acquired 1032 gold pieces
  6315 | D:3      | Bought the +7 great mace "Zoamma" {freeze, Will+} for 711
                  | gold pieces
  6391 | D:6      | Bought a scroll of enchant weapon for 82 gold pieces
  6391 | D:6      | Bought a scroll of teleportation for 33 gold pieces
  6391 | D:6      | Bought a scroll of blinking for 82 gold pieces
  6391 | D:6      | Bought a scroll of blinking for 82 gold pieces
  6391 | D:6      | Bought a scroll of enchant weapon for 82 gold pieces
  6391 | D:6      | Bought a scroll of identify for 22 gold pieces
  6391 | D:6      | Bought a scroll of identify for 22 gold pieces
  6391 | D:6      | Bought a scroll of summoning for 104 gold pieces
  6391 | D:6      | Bought a scroll of amnesia for 44 gold pieces
  7444 | D:8      | Reached skill level 10 in Maces & Flails
  7995 | D:9      | Noticed a two-headed ogre
  8002 | D:9      | Killed a two-headed ogre
  8003 | D:9      | Reached skill level 1 in Invocations
  8431 | D:10     | Entered Level 10 of the Dungeon
  8563 | D:10     | Reached XP level 11. HP: 72/72 MP: 12/12
  8756 | D:10     | Noticed a two-headed ogre
  8763 | D:10     | Killed a two-headed ogre
  8917 | D:10     | Noticed Josephine
  8932 | D:10     | Killed Josephine
  8979 | D:10     | Found a staircase to the Orcish Mines.
  9180 | D:11     | Noticed a deep elf pyromancer
  9183 | D:11     | Found a staircase to the Lair.
  9189 | D:11     | Killed a deep elf pyromancer
  9228 | D:11     | Reached ***** piety under Yredelemnul
  9229 | D:11     | Reached skill level 11 in Fighting
  9289 | D:11     | Noticed a boulder beetle
  9311 | D:11     | Killed a boulder beetle
  9468 | D:11     | Found an iron altar of Okawaru.
  9547 | D:11     | Reached skill level 5 in Invocations
  9647 | D:11     | Noticed a brown ugly thing
  9650 | D:11     | Noticed a two-headed ogre
  9656 | D:11     | Killed a brown ugly thing
  9657 | D:11     | Reached XP level 12. HP: 68/80 MP: 15/15
  9658 | D:11     | Killed a two-headed ogre
  9669 | D:11     | Acquired the +15 Maxwell's patent armour {-Cast -Tele rElec
                  | Will+ rCorr}
  9669 | D:11     | Found the +15 Maxwell's patent armour {-Cast -Tele rElec
                  | Will+ rCorr}
  9914 | D:11     | Identified the +0 robe of the Valley of Death {-Tele Harm
                  | Dex+4}
  9981 | D:12     | Noticed a boulder beetle
 10003 | D:12     | Killed a boulder beetle
 10134 | D:12     | Noticed Sonja
 10140 | D:12     | Killed Sonja
 10141 | D:12     | Reached skill level 10 in Armour
 10437 | Lair:1   | Entered Level 1 of the Lair of Beasts
 10465 | Lair:1   | Reached skill level 1 in Evocations
 10527 | Lair:1   | Noticed Fannar
 10540 | Lair:1   | Killed Fannar
 10622 | Lair:1   | Reached skill level 12 in Fighting
 11076 | Lair:2   | Found a runed translucent gate.
 11076 | Lair:2   | Found a runed translucent gate.
 11079 | Lair:2   | Got Pummojoa's Quarto of the Geologist and the Inferno
 11080 | Lair:2   | Found a runed translucent gate.
 11092 | Lair:2   | Noticed rigao's ghost (journeyman MiAE)
 11092 | Lair:2   | Noticed neuroaktivo's ghost (journeyman DECj)
 11155 | Lair:2   | Killed neuroaktivo's ghost
 11156 | Lair:2   | Reached XP level 13. HP: 79/86 MP: 18/18
 11162 | Lair:2   | Killed rigao's ghost
 11311 | Lair:2   | Found a hole to the Spider Nest.
 11841 | Lair:2   | Reached ****** piety under Yredelemnul
 11908 | Lair:2   | Found a staircase to the Swamp.
 11996 | Lair:2   | Reached skill level 5 in Evocations
 12969 | Lair:4   | Reached skill level 13 in Fighting
 12972 | Lair:4   | Gained mutation: Your large and strong wings let you fly.
                  | [Gargoyle growth]
 12972 | Lair:4   | Reached XP level 14. HP: 76/94 MP: 20/20
 13249 | Lair:4   | Found a transporter.
 13273 | Lair:4   | Found a transporter.
 13285 | Lair:4   | Noticed Atont's ghost (journeyman DDFi)
 13292 | Lair:4   | Reached skill level 15 in Maces & Flails
 13418 | Lair:5   | Entered Level 5 of the Lair of Beasts
 13525 | Lair:5   | Found a staircase to the Slime Pits.
 13525 | Lair:5   | Found a viscous altar of Jiyva.
 13986 | Lair:5   | Reached skill level 10 in Invocations
 14029 | Lair:5   | Reached skill level 14 in Fighting
 14311 | Lair:5   | Found a runed translucent door.
 14311 | Lair:5   | Found a shimmering altar of Xom.
 14311 | Lair:5   | Noticed p0werm0de's ghost (journeyman PaIE)
 14311 | Lair:5   | Identified the +9 glaive "Matt" {chaos, rElec rC+ Dex+2
                  | Stlth+}
 14947 | D:13     | Reached XP level 15. HP: 93/100 MP: 22/22
 15703 | D:14     | Found Sese's Book Boutique.
 15974 | D:14     | Found a gate to the Vaults.
 16643 | D:15     | Entered Level 15 of the Dungeon
 16700 | D:15     | Found Jifub's Assorted Antiques.
 16786 | D:15     | Found a staircase to the Depths.
 16886 | D:15     | Found Muwuel's Antique Weapon Shoppe.
 16917 | D:15     | Noticed Agnes
 16923 | D:15     | Killed Agnes
 16923 | D:15     | Noticed Nessos
 16933 | D:15     | Killed Nessos
 16938 | D:15     | Your ally Nessos died
 17050 | D:15     | Found Cestrur's Antique Weapon Shop.
 17054 | D:15     | Noticed Rupert
 17071 | D:15     | Killed Rupert
 17452 | D:15     | Found Lijaesch's Assorted Antiques.
 17459 | D:15     | Bought 2 potions of haste for 540 gold pieces
 17753 | Orc:1    | Entered Level 1 of the Orcish Mines
 17776 | Orc:1    | Reached skill level 15 in Fighting
 17857 | Orc:1    | Found a transporter.
 17891 | Orc:1    | Found a transporter.
 17931 | Orc:1    | Reached XP level 16. HP: 105/108 MP: 23/23
 18152 | Orc:1    | Found a runed translucent gate.
 18153 | Orc:1    | Found a runed translucent gate.
 18154 | Orc:1    | Found a runed translucent gate.
 18155 | Orc:1    | Noticed QuickerDeath's ghost (journeyman DgEE)
 18238 | Orc:1    | Found Rihylyc's Vocational Training.
 18443 | Orc:2    | Entered Level 2 of the Orcish Mines
 18507 | Orc:2    | Found Nomp's Assorted Antiques.
 18549 | Orc:2    | Reached skill level 5 in Dodging
 18785 | Orc:2    | Found Edoucly's Weapon Emporium.
 18813 | Orc:2    | Found Nuockec's Armour Shop.
 19034 | Orc:2    | Found a runed translucent gate.
 19035 | Orc:2    | Found a runed translucent gate.
 19036 | Orc:2    | Found a runed translucent gate.
 19056 | Orc:2    | Noticed sausages's ghost (journeyman FoFi)
 19056 | Orc:2    | Noticed Cigotein's ghost (journeyman DjIE)
 19268 | Orc:2    | Found a staircase to the Elven Halls.
 19313 | Orc:2    | Found Ekhloir's Jewellery Emporium.
 19749 | Spider:1 | Entered Level 1 of the Spider Nest
 21036 | Spider:2 | Noticed Arachne
 21050 | Spider:2 | Killed Arachne
 21051 | Spider:2 | Reached skill level 16 in Fighting
 21206 | Spider:2 | Reached XP level 17. HP: 115/115 MP: 25/25
 22150 | Spider:3 | Noticed Louise
 22165 | Spider:3 | Killed Louise
 22165 | Spider:3 | Enslaved Louise
 22496 | Spider:4 | Entered Level 4 of the Spider Nest
 22939 | Spider:4 | Got a gossamer rune of Zot
 23588 | Swamp:1  | Entered Level 1 of the Swamp
 23697 | Swamp:1  | Reached skill level 15 in Invocations
 23715 | Swamp:1  | Noticed Nikola
 23730 | Swamp:1  | Killed Nikola
 23744 | Swamp:1  | Reached XP level 18. HP: 93/120 MP: 29/29
 24512 | Swamp:2  | Noticed Frances
 24520 | Swamp:2  | Killed Frances
 24930 | Swamp:3  | Noticed Aizul
 24938 | Swamp:3  | Killed Aizul
 25241 | Swamp:4  | Entered Level 4 of the Swamp
 25315 | Swamp:4  | Noticed the 27-headed Lernaean hydra
 25329 | Swamp:4  | Killed the 27-headed Lernaean hydra
 25334 | Swamp:4  | Reached skill level 17 in Fighting
 25379 | Swamp:4  | Noticed a tentacled monstrosity
 25383 | Swamp:4  | Killed a tentacled monstrosity
 25431 | Swamp:4  | Got a decaying rune of Zot
 26197 | Vaults:1 | Entered Level 1 of the Vaults
 26427 | Vaults:1 | Reached skill level 10 in Dodging
 26431 | Vaults:1 | Noticed a Hell Sentinel
 26435 | Vaults:1 | Noticed a Tzitzimitl
 26442 | Vaults:1 | Reached XP level 19. HP: 94/128 MP: 30/30
 26482 | Vaults:1 | HP: 1/129 [vault warden/+2 vorpal glaive (8)]
 26804 | Vaults:1 | Reached skill level 18 in Fighting
 27487 | Vaults:1 | Found Gagh's Jewellery Shop.
 27556 | Vaults:2 | Acquired a manual of Dodging
 27752 | Vaults:2 | You are sucked into a shaft and drop 2 floors!
 27758 | Vaults:4 | Noticed Bai Suzhen
 27784 | Vaults:4 | Killed Bai Suzhen
 27897 | Vaults:4 | Reached skill level 15 in Armour
 28068 | Vaults:4 | Reached XP level 20. HP: 137/137 MP: 31/31
 28138 | Vaults:4 | Reached skill level 19 in Fighting
 28667 | Vaults:4 | Found Imubi's Antique Weapon Shop.
 29040 | Vaults:3 | Found a staircase to the Crypt.
 29040 | Vaults:3 | Found a basalt altar of Yredelemnul.
 29041 | Vaults:3 | Found an ancient bone altar of Kikubaaqudgha.
 29081 | Vaults:3 | Noticed Margery
 29101 | Vaults:3 | Killed Margery
 29136 | Vaults:3 | Noticed Mara
 29137 | Vaults:3 | Noticed Flugkiller's illusion
 29152 | Vaults:3 | Killed Mara
 29152 | Vaults:3 | Enslaved Mara
 29317 | Vaults:3 | Found a transporter.
 29320 | Vaults:3 | Found a transporter.
 29325 | Vaults:3 | Found a bloodstained altar of Trog.
 29337 | Vaults:3 | Noticed Ywkaiffarghe's ghost (adept MeCj)
 30318 | Vaults:2 | Noticed Zenata
 30332 | Vaults:2 | Killed Zenata
 30972 | Vaults:2 | Found a portal to a secret trove of treasure.
 31070 | Depths:1 | Entered Level 1 of the Depths
 31070 | Depths:1 | Noticed Unolod's ghost (adept MiBe)
 31070 | Depths:1 | Found a transporter.
 31070 | Depths:1 | Found a transporter.
 31075 | Depths:1 | Identified the +8 giant spiked club "Huihus" {flame, Int+4}
 31078 | Depths:1 | Identified the +6 great mace of Gluttony {vorpal, *Rage
                  | Fragile rElec Int+7}
 31078 | Depths:1 | Noticed an iron giant
 31097 | Depths:1 | Found a gateway to Hell.
 31205 | Depths:1 | Noticed Saint Roka
 31210 | Depths:1 | Reached skill level 20 in Fighting
 31214 | Depths:1 | Killed Saint Roka
 31353 | Depths:1 | Found a corrupted altar of Lugonu.
 31439 | Depths:1 | Found a one-way gate to the infinite horrors of the Abyss.
 31525 | Depths:1 | Reached XP level 21. HP: 100/146 MP: 24/32
 31561 | Depths:1 | Found a one-way gate leading to the halls of Pandemonium.
 31835 | Orc:1    | Bought a manual of Invocations for 1280 gold pieces
 32221 | Depths:1 | Reached skill level 15 in Dodging
 33045 | Depths:2 | Noticed a golden dragon
 33062 | Depths:2 | Killed a golden dragon
 33068 | Depths:2 | Noticed a golden dragon
 33070 | Depths:2 | Noticed a caustic shrike
 33074 | Depths:2 | Killed a golden dragon
 33075 | Depths:2 | Killed a caustic shrike
 33086 | Depths:2 | Got Etil's Secrets of Excavation and Hexing
 33710 | Depths:3 | Found a one-way gateway to a ziggurat.
 34002 | Depths:3 | Noticed a caustic shrike
 34008 | Depths:3 | Killed a caustic shrike
 34055 | Depths:3 | Noticed a golden dragon
 34059 | Depths:3 | Killed a golden dragon
 34098 | Depths:3 | Identified the +5 hand axe "Wopnaik" {pain, *Slow Will+
                  | MP+9 Int+2}
 34530 | Depths:4 | Entered Level 4 of the Depths
 34612 | Depths:4 | Reached XP level 22. HP: 97/152 MP: 36/36
 34688 | Depths:4 | Found a gate to the Realm of Zot.
 34950 | Depths:4 | Found a white marble altar of Elyvilon.
 35836 | Vaults:5 | Entered Level 5 of the Vaults
 35851 | Vaults:5 | Noticed a golden dragon
 35896 | Vaults:5 | Killed a golden dragon
 36082 | Vaults:5 | Reached skill level 10 in Evocations
 36125 | Vaults:5 | Noticed a dread lich
 36183 | Vaults:5 | Killed a dread lich
 36196 | Vaults:5 | Reached XP level 23. HP: 123/156 MP: 35/37
 36196 | Vaults:5 | Identified the +9 mace of the Crawling Thing {vorpal,
                  | Dex+4}
 36202 | Vaults:5 | Identified the +4 chain mail of the Catfish {Str+3}
 36316 | Vaults:5 | Identified the +3 spear of Greatest Utility {flame, *Rage
                  | rPois rC+++ SInv}
 36407 | Vaults:5 | Noticed a golden dragon
 36414 | Vaults:5 | Killed a golden dragon
 36414 | Vaults:5 | Noticed a golden dragon
 36423 | Vaults:5 | Killed a golden dragon
 36473 | Vaults:5 | Found the +12 pair of quick blades "Gyre" and "Gimble"
                  | {protect}
 36494 | Vaults:5 | Identified the amulet "Naoriber" {Acrobat rN++}
 36574 | Vaults:5 | Noticed a golden dragon
 36583 | Vaults:5 | Killed a golden dragon
 36596 | Vaults:5 | Identified the ring of the Okapi {rCorr Int+5}
 36638 | Vaults:5 | Got the Vellum of Glacial Elsewhere
 36642 | Vaults:5 | Identified the +8 shortbow of Success {venom, Drain rN+
                  | SInv}
 36815 | Vaults:5 | Got Votiosut's Handbook of the Ensnaring Pyre
 36902 | Vaults:5 | Got a silver rune of Zot
 36960 | Vaults:5 | Noticed a golden dragon
 36974 | Vaults:5 | Killed a golden dragon
 37085 | Vaults:5 | Found Zocothad's Antique Weapon Boutique.
 37102 | Vaults:5 | Identified the +3 spear of Pandemonium {speed, Will- Dex+2
                  | Stlth+}
 37691 | Lair:4   | Killed Atont's ghost
 37794 | Lair:4   | Identified the ring of Skepticism {Fire Will- rCorr Int+4
                  | Slay+4}
 37796 | Lair:4   | Identified the ring of Ephemeral Luck {Fly rCorr}
 38489 | Zot:1    | Entered Level 1 of the Realm of Zot
 38542 | Zot:1    | Found a transporter.
 38773 | Zot:1    | Found a runed translucent gate.
 38776 | Zot:1    | Found a runed translucent gate.
 38776 | Zot:1    | Found a runed translucent gate.
 38776 | Zot:1    | Noticed Naipag's ghost (legendary DrCj)
 38808 | Zot:1    | Identified the +3 lajatang "Jocryrus" {speed, rF- MP+9
                  | Int+8}
 39067 | Zot:2    | Noticed a golden dragon
 39075 | Zot:2    | Killed a golden dragon
 39306 | Zot:2    | Noticed a golden dragon
 39313 | Zot:2    | Killed a golden dragon
 39351 | Zot:2    | Identified the +11 glaive "Heuch" {flame, rC+ rN+}
 39367 | Zot:2    | Reached skill level 21 in Fighting
 39447 | Zot:2    | Your ally Mara died
 39508 | Zot:2    | Noticed a golden dragon
 39518 | Zot:2    | Killed a golden dragon
 39519 | Zot:2    | Reached XP level 24. HP: 148/166 MP: 37/37
 39925 | Zot:3    | Identified the +0 fire dragon scales "Bintuep" {rF++ rC-
                  | Int+7}
 39975 | Zot:3    | Identified the +4 chain mail of Yredelemnul's Approval
                  | {+Blink}
 39984 | Zot:3    | Noticed an orb of fire
 39988 | Zot:3    | Gained mutation: You occasionally lose the ability to read
                  | scrolls when taking damage. [an orb of fire]
 39998 | Zot:3    | Killed an orb of fire
 40966 | Zot:4    | Noticed a Killer Klown
 40985 | Zot:4    | Noticed a curse toe
 40987 | Zot:4    | Killed a Killer Klown
 40999 | Zot:4    | Killed a curse toe
 41008 | Zot:4    | Noticed a curse toe
 41013 | Zot:4    | Reached skill level 22 in Fighting
 41085 | Zot:4    | Killed a curse toe
 41484 | Zot:5    | Entered Level 5 of the Realm of Zot
 41557 | Zot:5    | Acquired the +3 crystal plate armour of Exuofa {rCorr Dex+4
                  | SInv}
 41699 | Zot:5    | Noticed an orb of fire
 41718 | Zot:5    | Killed an orb of fire
 41719 | Zot:5    | Reached skill level 23 in Fighting
 42260 | Zot:5    | Noticed an ancient lich
 42264 | Zot:5    | Noticed a dread lich
 42289 | Zot:5    | Killed a dread lich
 42290 | Zot:5    | Reached XP level 25. HP: 157/177 MP: 38/38
 42310 | Zot:5    | Killed an ancient lich
 42358 | Zot:5    | Noticed an orb of fire
 42358 | Zot:5    | Gained mutation: You are robust. (+10% HP) [an orb of fire]
 42364 | Zot:5    | Noticed an orb of fire
 42368 | Zot:5    | Gained mutation: You are vulnerable to heat. (rF-) [an orb
                  | of fire]
 42370 | Zot:5    | Noticed a dread lich
 42385 | Zot:5    | Gained mutation: Your magical capacity is low. (-10% MP)
                  | [an orb of fire]
 42405 | Zot:5    | Gained mutation: Your spells are a little easier to cast,
                  | but a little less powerful. [an orb of fire]
 42413 | Zot:5    | Gained mutation: You sometimes lose your temper in combat.
                  | [an orb of fire]
 42416 | Zot:5    | Gained mutation: You are dopey. (Int -2) [an orb of fire]
 42418 | Zot:5    | Lost mutation: You are robust. (+10% HP) [an orb of fire]
 42421 | Zot:5    | Killed an orb of fire
 42429 | Zot:5    | Reached skill level 24 in Fighting
 42432 | Zot:5    | HP: 7/267 [Hell Sentinel/damnation[a dread lich] (53)]
 42434 | Zot:5    | Mangled by a Hell Sentinel

Illustrated notes

Levels and vault maps discovered:
D:1:      psy_arrival_fountain, layout_rooms, corexii_hall_statues_i
D:2:      layout_basic, hangedman_feature_mirror, chequers_garden
D:3:      layout_loops_ring, gammafunk_ghost_cemetery, serial_shops,
          nicolae_shop_bloodbath_and_beyond, eino_tiny_chamber
D:4:      minmay_angry_zag, layout_basic, mainiacjoe_overflow_chevrons,
          uniq_pikel
D:5:      minmay_octagon_keep, layout_basic, mainiacjoe_overflow_paths,
          minmay_temple_entry_junction_2, uniq_edmund
D:6:      layout_basic, lemuel_zombie_altar_kikubaaqudgha,
          gammafunk_temple_overflow_statue, nicolae_overflow_hidden_temple,
          serial_shops, shop, hangedman_minor_gate_pass, uniq_grinder
D:7:      layout_rooms
D:8:      layout_loops_ring
D:9:      layout_gridville
D:10:     layout_roguey, hangedman_decor_diamond_cutter, uniq_josephine
D:11:     layout_cave_pods, erik_lair_island, okawaru_metal_pillars_3
D:12:     layout_cave_pools, uniq_sonja
D:13:     layout_gridville, minmay_misc_feat_nine_boxes, minmay_three_doors
D:14:     layout_roguey, grunt_vaults_entry_tiered, serial_shops, shop,
          kennysheep_cluttered_room
D:15:     gammafunk_depths_entry_grave, layout_cave_pods, serial_shops,
          nicolae_shop_crystal, nicolae_shop_stone, nicolae_shop_hallway_plus,
          nicolae_shop_advertising_works [nicolae_subvault_shop_adworks],
          chequers_serial_rivers_marsh, uniq_agnes, uniq_rupert, uniq_nessos
Temple:   eino_temple_scatter_basement
Lair:1:   layout_hall_layers, grunt_forest_large_clearing_hut,
          grunt_megastairs_5, uniq_fannar
Lair:2:   layout_regular_city, palyth_hydra_swamp_entry, spider_nest_entry_a,
          gammafunk_ghost_cemetery, dreamdust_gnoll_shepherd,
          infiniplex_staircase_pool
Lair:3:   wad_woods_structure_01, layout_regular_city, serial_bayou_shore_a
Lair:4:   layout_cave_shapes, gammafunk_ghost_berserking_beasts,
          serial_bayou_shore_b
Lair:5:   minmay_lair_end_enchanted_forest, layout_long_grid, slime_entry_1,
          ebering_ghost_xom
Swamp:1:  layout_basic_swamp, nicolae_swamp_orc_logging_accident, swamp_pool4,
          st_swamp_ruins_2, uniq_nikola
Swamp:2:  layout_falls_marsh, nicolae_swamp_stair_fork,
          infiniplex_staircase_pool_2, uniq_frances
Swamp:3:  layout_falls_marsh, evilmike_swamp_ruin_rubble_2, swamp_pool3,
          uniq_aizul
Swamp:4:  swamp_old_school, layout_basic_swamp, nzn_swamp_blast_mining
Spider:1: nicolae_spider_mines_2, hangedman_spider_tarantella_strand
Spider:2: layout_spider_delve, uniq_arachne
Spider:3: layout_cave_pods, uniq_louise
Spider:4: hellmonk_spider_rune_endless_swarm, guppyfry_hornet_nest
Orc:1:    gammafunk_beogh_shrine, layout_caves, gammafunk_ghost_necromancy,
          nicolae_shop_vocational
Orc:2:    st_orc_town, layout_caves, gammafunk_ghost_cemetery
Vaults:1: vaults_dpeg_emergency_exit, vaults_room_fancy_cross, v_misc_23,
          v_alt_pattern_2, grunt_vaults_bifocal, ontoclasm_vaults_bender,
          hangedman_vaults_pinch, v_misc_27, v_misc_30, st_octagons_2,
          v_misc_24, vaults_standard_mumra_enter_the_diamond,
          nicolae_vaults_theta, layout_vaults_omnibox, serial_shops,
          nicolae_shop_temple_entry_statues_fountains
Vaults:2: vaults_dpeg_encased_lava, nicolae_vaults_inception_scallops,
          grunt_vaults_hallway_long, v_misc_5, nicolae_vaults_theta,
          v_alt_pattern_5, nicolae_vaults_shelves_hall, v_misc_13,
          layout_vaults_big_room, enter_trove_3, uniq_zenata
Vaults:3: gammafunk_ghost_wrathful_warriors, hangedman_vaults_maws, v_misc_30,
          vaults_room_stairs_pillars, minmay_crypt_entry_necro_gods,
          hangedman_vaults_corner_blocks, special_room_vaults
          [special_room_orc], v_misc_14, grunt_vaults_diagonal,
          layout_vaults_omnigrid, uniq_mara, uniq_margery
Vaults:4: vaults_mumra_chevron, nicolae_vaults_diagonal_hallway_7,
          nicolae_vaults_puzzle_piece, v_misc_27, hangedman_vaults_slice,
          v_pattern_5, vaults_room_ringed_pool, v_alt_pattern_3,
          hangedman_vaults_snaps, ontoclasm_vaults_idyll, st_smaller_cells,
          nicolae_vaults_alarming, v_misc_19, nicolae_vaults_little_squares_1,
          layout_vaults_ring, serial_shops, shop, uniq_bai_suzhen
Vaults:5
Depths:1: layout_gridlike, ebering_dispersal_statue_hall, pan_entry, hell_entry,
          abyss_entry_flame_altar, serial_corexii_hall, corexii_hall_statues_x,
          corexii_hall_statues_u, gammafunk_ghost_smash, minmay_door_square,
          lemuel_flamethrower_2, uniq_saint_roka
Depths:2: cross_vault, layout_gridlike, grunt_pan_entry_sceptre, hell_entry
Depths:3: kennysheep_bubble_arena, layout_gridlike, enter_ziggurat_d,
          serial_sigils_hangedman_etch, hell_entry,
          abyss_entry_small_statue_room, hellmonk_scarab_ruin,
          serial_bayou_shore_b
Depths:4: evilmike_zot_entry_argh, layout_gridville, hell_entry,
          grunt_pan_entry_spiral, elyvilon_altar_3
Zot:1:    layout_misc_corridors, ebering_ghost_rock_garden, nicolae_diode_basic
Zot:2:    layout_misc_corridors, lemuel_elevator
Zot:3:    hangedman_orp_of_zott, layout_twisted_circle, st_stairs_3,
          bh_zot_lava_cross, st_single_dragon_hoard_1
Zot:4:    layout_gridlike
Zot:5:    layout_misc_corridors, hangedman_zot_diagonal_lockstep,
          nicolae_lava_and_water

Skill      XL: |  1  2  3  4  5  6  7  8  9 10 11 12 13 14 15 16 17 18 19 20 21 22 23 24 25 |
---------------+----------------------------------------------------------------------------+-----
Fighting       | 3 4 7 9 10 11 12 13 14 15 16 17 18 20 21 23 24 | 24.0
Ranged Weapons | 5 |  5.0
Maces & Flails | 4 8 10 12 13 14 16 18 19 20 | 20.0
Armour         | 3 6 8 9 10 11 13 15 16 18 20 21 22 | 22.0
Invocations    | 2 5 6 8 10 15 20 21 22 | 22.0
Evocations     | 3 6 11 | 11.0
Dodging        | 4 6 8 10 12 14 15 16 | 16.0
Stealth        | |  1.1

Action                   |  1- 3 |  4- 6 |  7- 9 | 10-12 | 13-15 | 16-18 | 19-21 | 22-24 | 25-27 || total
-------------------------+-------+-------+-------+-------+-------+-------+-------+-------+-------++-------
Melee: Flail             |       |     2 |    54 |       |       |       |       |       |       ||    56
       Dire flail        |       |       |    93 |     2 |       |       |       |       |       ||    95
       Great mace        |       |       |       |   328 |   705 |   860 |   933 |  1145 |    62 ||  4033
 Fire: Shortbow          |   103 |   147 |    68 |       |       |       |       |       |       ||   318
Invok: Dark Bargain      |       |       |       |     3 |     6 |    35 |       |    15 |       ||    59
       Recall Undead Har |       |       |       |       |       |     7 |    10 |    12 |       ||    29
       Bind Soul         |       |       |       |       |       |     1 |     1 |     1 |       ||     3
       Drain Life        |       |       |       |       |       |       |    11 |     7 |       ||    18
Evoke: Condenser vane    |       |       |       |       |     1 |       |     2 |     5 |       ||     8
       Wand              |       |       |       |       |     4 |     1 |     1 |     1 |       ||     7
       Phantom mirror    |       |       |       |       |     1 |       |       |       |       ||     1
       Tin of tremorston |       |       |       |       |       |     2 |       |       |       ||     2
  Use: Scroll            |     3 |     8 |     5 |     9 |     3 |     1 |     1 |     8 |       ||    38
       Potion            |       |     3 |     1 |       |       |       |     5 |     8 |     7 ||    24
 Stab: Distracted        |       |       |     2 |     5 |     8 |    19 |    18 |    21 |     3 ||    76
       Petrified         |       |       |       |       |     6 |       |       |       |       ||     6
       Confused          |       |       |       |       |       |     1 |       |       |       ||     1
       Paralysed         |       |       |       |       |       |     1 |       |       |       ||     1
       Fleeing           |       |       |       |       |       |       |       |     1 |       ||     1
Armor: Leather armour    |    29 |    26 |    22 |       |       |       |       |       |       ||    77
       Chain mail        |       |       |   150 |   303 |       |       |       |       |       ||   453
       Plate armour      |       |       |       |   119 |  1043 |   979 |   986 |  1030 |    31 ||  4188
       Crystal plate arm |       |       |       |       |       |       |       |    28 |       ||    28
Dodge: Dodged            |    51 |    37 |   105 |   147 |   277 |   393 |   484 |   633 |    15 ||  2142

Table legend: (Time is in decaauts)
 A = Elapsed time spent in this place.
 B = Non-inter-level travel time spent in this place.
 C = Inter-level travel time spent in this place.
 D = Time resting spent in this place.
 E = Time spent auto-exploring this place.
 F = Levels seen in this place.
 G = Mean time per level.
                   A        B        C        D        E       F      G
               +--------+--------+--------+--------+--------+-----+--------+
         Total |  41743 |  37407 |   4336 |   3214 |  24426 |  45 |  927.6 |
       Dungeon |  14117 |  12296 |   1821 |   1788 |   7904 |  15 |  941.1 |
        Temple |    221 |    187 |     34 |      0 |    163 |   1 |  221.0 |
          Lair |   4900 |   4164 |    736 |    229 |   2909 |   5 |  980.0 |
         Swamp |   2389 |   2226 |    163 |     99 |   1638 |   4 |  597.2 |
   Spider Nest |   4036 |   3485 |    551 |     38 |   2413 |   4 | 1009.0 |
  Orcish Mines |   1868 |   1726 |    142 |      0 |   1272 |   2 |  934.0 |
        Vaults |   6263 |   5835 |    428 |    297 |   3764 |   5 | 1252.6 |
        Depths |   4216 |   3894 |    322 |    502 |   2317 |   4 | 1054.0 |
           Zot |   3729 |   3594 |    135 |    261 |   2045 |   5 |  745.8 |
               +--------+--------+--------+--------+--------+-----+--------+

Top non-repeatable levels by time:
     D:4: 1596 daAuts
     D:3: 1449 daAuts
Vaults:5: 1377 daAuts
Depths:1: 1371 daAuts
Vaults:3: 1352 daAuts
Vaults:1: 1332 daAuts
Vaults:4: 1216 daAuts
Spider:1: 1211 daAuts
  Lair:5: 1205 daAuts
  Lair:2: 1149 daAuts
    D:15: 1129 daAuts
    D:14: 1123 daAuts
     D:5: 1110 daAuts
    D:11: 1088 daAuts
  Lair:3: 1078 daAuts
